 Dungeon Crawl Stone Soup version 0.24.0-41-g2ae2f7f1be (webtiles) character file.

Game seed: 3176859982402483983, levelgen mode: deterministic

16317 Goreval the Earth Mage (level 12, -1/76 HPs)
             Began as a Gargoyle Earth Elementalist on Dec 13, 2019.
             Was a Priest of Vehumet.
             Slain by a six-headed hydra (12 damage)
             ... on level 1 of the Lair of Beasts.
             The game lasted 00:53:11 (18183 turns).

Goreval the Earth Mage (GrEE)                      Turns: 18183, Time: 00:53:11

Health: -1/76      AC: 12    Str: 16    XL:     12   Next: 36%
Magic:  8/25       EV: 13    Int: 21    God:    Vehumet [***...]
Gold:   257        SH:  0    Dex: 15    Spells: 15/29 levels left

rFire    + . .     SeeInvis .   b - +4 long sword "Orb Guardian's Doom" {drain, rPois rN+}
rCold    . . .     Gourm    .   (no shield)
rNeg     + + .     Faith    .   C - +0 robe "Byuplot" {Regen+ Str+4 Dex+2} (curse)
rPois    ∞         Spirit   .   (no helmet)
rElec    +         Reflect  .   l - +0 cloak
rCorr    .         Harm     .   n - +0 pair of gloves
MR       .....                  (no boots)
Stlth    ++........             c - amulet of the acrobat
HPRegen  0.62/turn              Q - +3 ring of dexterity
MPRegen  0.19/turn              i - ring of protection from fire

@: very slightly contaminated
A: negative energy resistance 1, electricity resistance, unbreathing,
petrification resistance, rot immunity, AC +8
a: Renounce Religion


You were on level 1 of the Lair of Beasts.
You worshipped Vehumet.
Vehumet was most pleased with you.
You were not hungry.

You visited 3 branches of the dungeon, and saw 13 of its levels.
You also visited: Ossuary.

You collected 425 gold pieces.
You spent 168 gold pieces at shops.

Inventory:

Hand Weapons
 a - the +10 flail of Watchfulness {vamp, rF++ rC+ Int+2}
   (You found it on level 11 of the Dungeon)

   It inflicts no extra harm, but heals its wielder when it wounds a living foe.
   It affects your intelligence (+2).
   It greatly protects you from fire.
   It protects you from cold.
 b - the +4 long sword "Orb Guardian's Doom" (weapon) {drain, rPois rN+}
   (You found it on level 8 of the Dungeon)

   A truly terrible weapon, it drains the life of those it strikes.
   It protects you from poison.
   It protects you from negative energy.
Missiles
 G - 3 throwing nets
 K - 122 stones (quivered)
Armour
 f - a +0 robe of cold resistance
 l - a +0 cloak (worn)
 n - a +0 pair of gloves (worn)
 C - the cursed +0 robe "Byuplot" (worn) {Regen+ Str+4 Dex+2}
   (You found it on level 5 of the Dungeon)

   It affects your strength (+4).
   It affects your dexterity (+2).
   It increases your rate of regeneration.
   It has a curse placed upon it.
 F - a +4 ring mail
 J - a +0 leather armour of cold resistance
 P - a +1 robe of magic resistance
Jewellery
 c - an amulet of the acrobat (around neck)
 i - a ring of protection from fire (right hand)
 M - an uncursed amulet of guardian spirit
 N - an uncursed ring of stealth
 Q - a +3 ring of dexterity (left hand)
Wands
 t - a wand of flame (9)
 I - a wand of disintegration (31)
 L - a wand of paralysis (12)
Scrolls
 g - 4 scrolls of enchant armour
 m - a scroll of immolation {unknown}
 o - 3 scrolls of teleportation
 p - 2 scrolls of magic mapping {unknown}
 u - 2 scrolls of random uselessness
 x - a scroll of silence {unknown}
 y - 3 scrolls of remove curse
 A - 2 scrolls of enchant weapon {unknown}
 B - 2 scrolls of blinking
 D - 2 scrolls of acquirement {unknown}
 E - a scroll of amnesia {unknown}
 H - 3 scrolls of identify
Potions
 e - a potion of ambrosia {unknown}
 h - a potion of degeneration
 j - a potion of mutation
 k - a potion of cancellation {unknown}
 q - 3 potions of haste
 r - 2 potions of flight
 s - 9 potions of curing
 v - a potion of might {unknown}
 w - 2 potions of brilliance
 z - 2 potions of berserk rage
 R - 2 potions of resistance {unknown}
Comestibles
 d - 25 rations


   Skills:
 + Level 9.6 Fighting
 - Level 3.0 Maces & Flails
 - Level 3.0 Dodging
 - Level 2.1 Stealth
 + Level 9.0 Spellcasting
 - Level 4.2 Conjurations
 - Level 0.7 Transmutations
 * Level 15.4 Earth Magic
 - Level 3.1 Evocations


You had 15 spell levels left.
You knew the following spells:

 Your Spells              Type           Power        Failure   Level  Hunger
a - Stone Arrow           Conj/Erth      ######       1%          3    None
b - Sandblast             Erth           ######       0%          1    None
c - Lee's Rapid Deconstr  Erth           ######....   1%          5    #####..
p - Passwall              Tmut/Erth      #####...     1%          2    None
v - Dazzling Spray        Conj/Hex       ###...       2%          3    None

Your spell library contained the following spells:

 Spells                   Type           Power        Failure   Level  Hunger
 Conjure Flame            Conj/Fire      ###.....     2%          3    None
 Petrify                  Tmut/Erth      #####...     2%          4    ###....


Dungeon Overview and Level Annotations

Branches:
Dungeon (11/15)            Temple (1/1) D:7            Lair (1/6) D:10
    Orc (0/2) D:10        Ossuary (visited)

Altars:
Ashenzari
Cheibriados
Dithmenos
Elyvilon
Fedhas
Gozag
Hepliaklqana
Kikubaaqudgha
Makhleb
Nemelex Xobeh
Okawaru
Qazlal
Ru
Sif Muna
Trog
Uskayaw
Vehumet
Wu Jian
Xom
Yredelemnul
Zin
The Shining One

Shops:
D:9 ::*

Annotations:
D:3 Sigmund
Lair:1 1 runed translucent door


Innate Abilities, Weirdness & Mutations

You are resistant to torment.
Your stone body is resilient. (AC +8)
You are immune to poison.
You resist negative energy. (rN+)
You are resistant to electric shocks. (rElec)
You can survive without breathing.
You are immune to petrification.
You are immune to rotting.


Message History

The six-headed hydra closely misses you.
The six-headed hydra bites you!
* * * LOW HITPOINT WARNING * * *
The six-headed hydra bites you but does no damage.
The six-headed hydra completely misses you.
Okay, then.
Okay, then.
Blink to where?
You are very lightly contaminated with residual magic.
As you read the scroll of blinking, it crumbles to dust.
Aim: a six-headed hydra (lightly wounded)
The stone arrow hits the six-headed hydra!
Aim: a six-headed hydra (moderately wounded)
The stone arrow hits the six-headed hydra!
Aim: a six-headed hydra (severely wounded)
The stone arrow hits the six-headed hydra!
The six-headed hydra bites you but does no damage.
The six-headed hydra closely misses you.
The six-headed hydra bites you!
You die...

#..PP.≈≈≈D≈≈≈≈≈≈....##
###≈≈≈≈≈≈≈≈.≈≈≈≈≈....###
≈≈≈≈≈≈≈≈≈≈≈≈.≈≈≈≈.....#..
#≈≈≈≈≈≈≈≈≈≈≈≈.≈≈≈......##.
#≈≈≈≈≈≈≈≈≈###.###........÷
#≈≈≈≈≈≈≈≈≈#≈≈.≈≈#.........
#≈≈≈≈≈≈.P.#≈....#.........
#........D.....#.........
#.......@###+###.........
#................#.......
#.............####.......
#######.....#..# #....###
#........###..###
#.....#..##..##
##........#..##
##....#....#.## #
##..#.....##.####


You could see a six-headed hydra.

Vanquished Creatures
  A hydra (Lair:1)
  Harold (D:7)
  A two-headed ogre (D:9)
  Pikel (D:9)
  An ugly thing (D:11)
  A moth of wrath (D:6)
  2 black mambas (Lair:1)
  A hornet (D:9)
  A troll (D:11)
  Prince Ribbit (D:9)
  2 wyverns (D:11)
  A wraith (D:10)
  24 yaks
  A hungry ghost (D:9)
  3 basilisks
  A soldier ant (D:11)
  4 water moccasins (Lair:1)
  2 orc warriors
  4 porcupines
  A phantom (D:9)
  3 sky beasts
  A hornet zombie (D:11)
  2 ice beasts
  12 ogres
  4 centaurs
  2 crocodiles (D:10)
  A big kobold (D:9)
  12 bullfrogs
  5 water moccasin zombies (Ossuary)
  2 scorpions
  14 wights
  5 electric eels
  A bullfrog zombie (D:9)
  8 crimson imps
  A bullfrog skeleton (D:9)
  2 centaur zombies
  6 hounds
  6 orc priests
  3 jellies
  A centaur skeleton (D:4)
  Natasha (thrice) (D:3)
  5 orc wizards
  13 worker ants
  2 iguanas
  2 killer bee zombies
  A big kobold zombie (Ossuary)
  A hound zombie (D:11)
  2 mummies (Ossuary)
  A gnoll (D:7)
  12 adders
  3 shadow imps
  2 oozes
  11 adder zombies
  An adder skeleton (D:4)
  5 worms
  2 dart slugs (D:1)
  4 leopard geckos
  42 orcs
  A ball python (D:4)
  4 bats
  5 giant cockroaches
  5 gnoll zombies (Ossuary)
  8 goblins
  6 hobgoblins
  10 jackals
  5 quokkas
  4 frilled lizards
  A hobgoblin zombie (Ossuary)
  A jackal skeleton (D:4)
  9 kobolds
  A kobold zombie (Ossuary)
  A leopard gecko skeleton (D:7)
  A leopard gecko zombie (D:5)
  7 orc zombies (Ossuary)
  A quokka skeleton (D:4)
  A quokka zombie (D:6)
  4 rats
332 creatures vanquished.

Vanquished Creatures (others)
  4 slaves (D:9)
  2 orcs (D:9)
  6 kobolds (D:9)
  2 fungi (D:10)
  9 plants
23 creatures vanquished.

Grand Total: 355 creatures vanquished

Notes
Turn   | Place    | Note
-------+----------+-------------------------------------------
     0 | D:1      | Goreval the Gargoyle Earth Elementalist began the quest for
                  | the Orb.
     0 | D:1      | Reached XP level 1. HP: 10/10 MP: 3/3
   247 | D:1      | Reached skill level 4 in Earth Magic
   247 | D:1      | Reached XP level 2. HP: 10/16 MP: 0/5
   312 | D:1      | You fall into a shaft and drop 1 floor!
   442 | D:2      | Reached skill level 1 in Fighting
   578 | D:1      | Reached XP level 3. HP: 8/20 MP: 2/6
   595 | D:1      | Learned a level 3 spell: Stone Arrow
  1039 | D:1      | You fall into a shaft and drop 1 floor!
  1073 | D:2      | Found a white marble altar of Elyvilon.
  1529 | D:2      | Found a hide-covered altar of Uskayaw.
  1660 | D:2      | Noticed a +0 dagger
  1662 | D:2      | Noticed a +0 dagger
  1905 | D:3      | Noticed Natasha
  1909 | D:3      | Killed Natasha
  1909 | D:3      | Reached skill level 5 in Earth Magic
  1909 | D:3      | Reached XP level 4. HP: 23/26 MP: 3/7
  2244 | D:3      | Reached XP level 5. HP: 23/30 MP: 0/9
  2476 | D:3      | Noticed Sigmund
  2687 | D:3      | Noticed Natasha
  2711 | D:3      | Killed Natasha
  2753 | D:3      | Learned a level 5 spell: Lee's Rapid Deconstruction
  2832 | D:3      | Found a faded altar of an unknown god.
  2867 | D:3      | Noticed Natasha
  3060 | D:3      | Killed Natasha
  3236 | D:4      | Reached skill level 6 in Earth Magic
  3236 | D:4      | Reached XP level 6. HP: 36/36 MP: 0/10
  3241 | D:4      | Learned a level 2 spell: Passwall
  3374 | D:4      | Found an ornate altar of the Wu Jian Council.
  4082 | D:4      | Found a sacrificial altar of Ru.
  4148 | D:5      | Entered Level 5 of the Dungeon
  4175 | D:5      | Found a sand-covered staircase.
  4424 | Ossuary  | Entered an ossuary
  4499 | Ossuary  | Reached skill level 1 in Conjurations
  4521 | Ossuary  | Reached XP level 7. HP: 30/41 MP: 1/12
  4666 | Ossuary  | Reached skill level 7 in Earth Magic
  6319 | D:5      | Reached skill level 8 in Earth Magic
  6319 | D:5      | Reached XP level 8. HP: 48/48 MP: 9/14
  6753 | D:5      | Got a warped robe
  7100 | D:6      | Reached skill level 9 in Earth Magic
  7103 | D:6      | Reached skill level 5 in Fighting
  7218 | D:6      | Identified the cursed +0 robe "Byuplot" {Regen+ Str+4
                  | Dex+2} (You found it on level 5 of the Dungeon)
  7405 | D:7      | Reached skill level 5 in Spellcasting
  7812 | D:6      | Found a sparkling altar of Nemelex Xobeh.
  7827 | D:6      | Reached XP level 9. HP: 55/55 MP: 11/16
  7954 | D:6      | Reached skill level 10 in Earth Magic
  8104 | D:6      | Noticed a moth of wrath
  8107 | D:6      | Found a bloodstained altar of Trog.
  8321 | D:6      | Killed a moth of wrath
  9710 | D:7      | Found a staircase to the Ecumenical Temple.
  9719 | Temple   | Entered the Ecumenical Temple
  9721 | Temple   | Reached skill level 11 in Earth Magic
  9913 | Temple   | Became a worshipper of Vehumet
 10628 | D:7      | Found an iron altar of Okawaru.
 10939 | D:7      | Noticed Harold
 10962 | D:7      | Killed Harold
 10962 | D:7      | Reached skill level 12 in Earth Magic
 10962 | D:7      | Reached XP level 10. HP: 52/63 MP: 0/19
 11928 | D:8      | Got a steaming long sword
 11929 | D:8      | Identified the +4 long sword "Orb Guardian's Doom" {drain,
                  | rPois rN+} (You found it on level 8 of the Dungeon)
 12607 | D:9      | Reached * piety under Vehumet
 12607 | D:9      | Offered knowledge of Sting by Vehumet.
 12846 | D:9      | Noticed Prince Ribbit
 12867 | D:9      | Killed Prince Ribbit
 12901 | D:9      | Found Faemyn's Book Shop.
 12987 | D:9      | Reached skill level 13 in Earth Magic
 13088 | D:9      | Found a shimmering altar of Xom.
 13089 | D:9      | Found a burning altar of Makhleb.
 13288 | D:9      | Noticed Pikel
 13305 | D:9      | Killed Pikel
 13312 | D:9      | Noticed a two-headed ogre
 13431 | D:9      | Killed a two-headed ogre
 13431 | D:9      | Reached XP level 11. HP: 68/68 MP: 6/22
 13642 | D:9      | Found Izash's Book Shoppe.
 13646 | D:9      | Found Ynkuynan's Assorted Antiques.
 13759 | D:9      | Bought a scroll labeled ZAESIOXO QEMM for 24 gold pieces
 13759 | D:9      | Bought a scroll of identify for 48 gold pieces
 13759 | D:9      | Bought a scroll of remove curse for 72 gold pieces
 13759 | D:9      | Bought a scroll labeled MEHOULYRGH for 24 gold pieces
 13843 | D:9      | Found a glowing golden altar of the Shining One.
 14105 | D:10     | Entered Level 10 of the Dungeon
 14257 | D:10     | Reached skill level 1 in Evocations
 14462 | D:10     | Reached ** piety under Vehumet
 14462 | D:10     | Offered knowledge of Throw Frost by Vehumet.
 14463 | D:10     | Found a staircase to the Lair.
 14505 | D:10     | Reached skill level 14 in Earth Magic
 15107 | D:10     | Found a staircase to the Orcish Mines.
 15277 | D:11     | Noticed a green ugly thing
 15292 | D:11     | Killed a green ugly thing
 15747 | D:11     | Got a polished flail
 15849 | D:11     | Identified the +10 flail of Watchfulness {vamp, rF++ rC+
                  | Int+2} (You found it on level 11 of the Dungeon)
 16040 | D:11     | Offered knowledge of Dazzling Spray by Vehumet.
 16081 | D:11     | Learned a level 3 spell: Dazzling Spray
 16124 | D:11     | Reached skill level 1 in Maces & Flails
 16410 | D:11     | Reached *** piety under Vehumet
 16886 | Lair:1   | Entered Level 1 of the Lair of Beasts
 16966 | Lair:1   | Noticed a six-headed hydra
 16970 | Lair:1   | Killed a six-headed hydra
 16970 | Lair:1   | Reached XP level 12. HP: 76/76 MP: 12/24
 17065 | Lair:1   | Reached skill level 15 in Earth Magic
 17285 | Lair:1   | Offered knowledge of Conjure Flame by Vehumet.
 17426 | Lair:1   | Found a runed translucent door.
 18159 | Lair:1   | Noticed a six-headed hydra
 18183 | Lair:1   | Slain by a six-headed hydra

Levels and vault maps discovered:
D:1:      minmay_arrival_up_and_down, layout_loops_cross, serial_glass,
          glass_columns_b, glass_columns_b, glass_columns_a, glass_columns_a,
          glass_columns_c, due_unseen_surprise, feat_on_display,
          minmay_shallow_snake_nest
D:2:      layout_loops_ring, dancing_weapons_uskayaw, elyvilon_altar_5
D:3:      layout_rooms, chequers_ecumenical_altar_twisty,
          kennysheep_generic_room_16, uniq_sigmund, uniq_natasha
D:4:      layout_basic, lemuel_crystal_altar, first_ration,
          nicolae_ru_the_path_less_chosen
D:5:      layout_basic, nicolae_ossuary_entry_monument
D:6:      layout_loops_corners, tgw_trog, nemelex_xobeh_ov_fountains_minmay
D:7:      layout_basic, okawaru_altar_gauntlet_db,
          minmay_temple_entry_statues_pillars, grunt_ogre_cave,
          chequers_arboretum, uniq_harold
D:8:      layout_gridville
D:9:      layout_rooms, grunt_temple_overflow_champion_of_chaos,
          kennysheep_little_box, serial_shops, shop, shop_fountains, shop,
          statue_in_the_mist_lemuel, uniq_pikel, uniq_prince_ribbit1
D:10:     layout_basic, minmay_lair_entry_grove, orc_0_dummy
D:11:     layout_basic, st_stairs_11, minmay_crystal_water
Temple:   nicolae_temple_figure_eight
Lair:1:   cheibrodos_lair_river_kwai, layout_cave_pods,
          ebering_ghost_reflecting_pool, serial_bayou_ford_a,
          chequers_serial_rivers_large_b

Skill      XL: |  1  2  3  4  5  6  7  8  9 10 11 12 |
---------------+-------------------------------------+-----
Earth Magic    | 4 5 6 8 9 12 13 14 15 | 15.4
Fighting       | 1 2 3 4 5 7 8 9 |  9.6
Spellcasting   | 3 4 5 6 7 8 9 |  9.0
Conjurations   | 1 2 4 |  4.2
Dodging        | 3 |  3.0
Evocations     | 3 |  3.1
Maces & Flails | 1 3 |  3.0
Stealth        | |  2.1
Transmutations | |  0.7

Action                   |  1- 3 |  4- 6 |  7- 9 | 10-12 || total
-------------------------+-------+-------+-------+-------++-------
Melee: Dagger            |    74 |   118 |   182 |       ||   374
       Falchion          |       |       |    26 |       ||    26
       Long sword        |       |       |       |   109 ||   109
       Flail             |       |       |       |   143 ||   143
Throw: Stone             |       |       |       |     3 ||     3
 Cast: Sandblast         |    39 |    20 |    27 |    30 ||   116
       Stone Arrow       |     5 |    36 |   142 |   192 ||   375
       Lee's Rapid Decon |       |       |     3 |    13 ||    16
  Use: Scroll            |     2 |     3 |     2 |     7 ||    14
 Stab: Sleeping          |     3 |     1 |     1 |     2 ||     7
       Invisible         |       |       |       |     1 ||     1
  Eat: Chunk             |     4 |    13 |    20 |    24 ||    61
       Ration            |       |       |     3 |     1 ||     4
Armor: Robe              |    23 |     8 |    13 |   146 ||   190
       Leather armour    |       |    45 |    96 |       ||   141
Dodge: Dodged            |    62 |    70 |   149 |   371 ||   652
       Rpst.: Falchion   |       |       |    15 |       ||    15
       Long sword        |       |       |       |    47 ||    47
